 Dungeon Crawl Stone Soup version 0.22-a0-407-gb098539 (webtiles) character file.

7786 dstrtnsr the Severer (level 11, -8/102 HPs)
             Began as a Hill Orc Berserker on May 10, 2018.
             Was an Elder of Trog.
             Mangled by a shadow (28 damage)
             ... on level 10 of the Dungeon.
             The game lasted 00:07:05 (8186 turns).

dstrtnsr the Severer (Hill Orc Berserker)           Turns: 8186, Time: 00:07:05

Health: -8/102     AC:  6    Str: 24    XL:     11   Next: 20%
Magic:  11/11      EV:  9    Int:  5    God:    Trog [****..]
Gold:   189        SH: 11    Dex: 10    Spells: 10/10 levels left

rFire    . . .     SeeInvis .   w - +1 hand axe (flame)
rCold    . . .     Gourm    .   B - +0 shield
rNeg     + . .     Faith    .   p - -2 ring mail (curse)
rPois    .         Spirit   .   c - +0 helmet
rElec    .         Reflect  .   o - +0 cloak
rCorr    .         Harm     .   (no gloves)
MR       .....                  m - +0 pair of boots (curse)
Stlth    ..........             (no amulet)
HPRegen  0.27/turn              h - ring of positive energy
MPRegen  0.12/turn              x - -2 ring of intelligence (curse)

@: no status effects
A: no striking features
a: Berserk, Trog's Hand, Brothers in Arms, Renounce Religion


You were on level 10 of the Dungeon.
You worshipped Trog.
Trog was greatly pleased with you.
You were not hungry.

You visited 1 branch of the dungeon, and saw 10 of its levels.

You collected 189 gold pieces.

Inventory:

Hand Weapons
 a - a +0 war axe
 g - a +0 war axe
 w - a +1 hand axe of flaming (weapon)
Armour
 c - a +0 helmet (worn)
 m - a cursed +0 pair of boots (worn)
 o - a +0 cloak (worn)
 p - a cursed -2 ring mail (worn)
 B - a +0 shield (worn)
 C - a +4 chain mail
Jewellery
 h - a ring of positive energy (left hand)
 k - an uncursed ring of flight
 x - a cursed -2 ring of intelligence (right hand)
Wands
 u - a wand of clouds (6)
 V - a wand of digging (5)
Scrolls
 f - a scroll of magic mapping {unknown}
 i - a scroll of blinking
 l - 2 scrolls of fear
 q - 2 scrolls of immolation
 s - a scroll of remove curse {unknown}
 y - a scroll of fog {unknown}
 z - a scroll of enchant weapon {unknown}
Potions
 b - 4 potions of curing {@q1}
 d - a potion of agility
 j - 2 potions of heal wounds
 n - 2 potions of ambrosia
 r - a potion of magic {unknown}
 t - a potion of resistance
 v - 3 potions of mutation
 A - a potion of flight {unknown}
Comestibles
 e - 8 rations {!d}


   Skills:
 + Level 11.3 Fighting
 * Level 16.1 Axes
 - Level 2.1 Armour
 - Level 1.5 Dodging
 + Level 6.7 Shields


You had 10 spell levels left.
You didn't know any spells.

Dungeon Overview and Level Annotations

Branches:
Dungeon (10/15)            Temple (0/1) D:7             Orc (0/2) D:10
   Lair: D:8-11

Altars:
Dithmenos
Qazlal
Trog
Xom


Message History

You feel sick.
You feel sick.
You feel sick.
You feel yourself speed up.
You feel sick.
Key pressed, stopping explore.
You start resting.
You feel sick. x2
You recover from your berserk rage.
You feel sick.
You feel sick.
You feel sick.
You feel sick.
You are no longer poisoned.
You are starving!
You need to eat something NOW!
You're too hungry to rest.
You need to eat something NOW!
You need to eat something NOW!
You're too hungry to rest.
You eat one of the 9 rations {!d}.
That ration really hit the spot!
You start resting.
Key pressed, stopping explore.
You start resting.
A worker ant zombie comes into view.
A worker ant zombie is nearby!
A worker ant zombie is nearby!
A worker ant zombie is nearby!
A worker ant zombie is nearby!
A worker ant zombie is nearby!
A worker ant zombie is nearby!
You barely miss the worker ant zombie.
You block the worker ant zombie's attack.
A worker ant zombie is nearby!
You hit the worker ant zombie. You burn the worker ant zombie.
The worker ant zombie is moderately damaged.
The worker ant zombie bites you but does no damage.
You hit the worker ant zombie. You burn the worker ant zombie.
The worker ant zombie is heavily damaged.
You barely miss the worker ant zombie.
The worker ant zombie is heavily damaged.
The worker ant zombie bites you but does no damage.
You hit the worker ant zombie but do no damage.
The worker ant zombie is heavily damaged.
The worker ant zombie bites you but does no damage.
You hit the worker ant zombie. You burn the worker ant zombie.
The worker ant zombie is severely damaged.
The worker ant zombie bites you.
You hit the worker ant zombie. You burn the worker ant zombie.
The worker ant zombie is almost destroyed.
You slash the worker ant zombie! You burn the worker ant zombie.
You destroy the worker ant zombie!
Trog accepts your kill.
No target in view!
No target in view!
No target in view!
No target in view!
You start resting.
A shadow comes into view.
A shadow is nearby!
A shadow is nearby!
A shadow is nearby!
A shadow is nearby!
A shadow is nearby!
A shadow is nearby!
Found a stone staircase leading down.
A shadow is nearby!
A shadow is nearby!
You barely miss the shadow.
The shadow slips into darkness.
The shadow flickers and vanishes!
Deactivating autopickup; reactivate with Ctrl-A.
No target in view!
No target in view!
No target in view!
No target in view!
No target in view!
No target in view!
You slash something! You burn something.
The shadow strikes at you from the darkness!
* * * LOW HITPOINT WARNING * * *
Reactivating autopickup.
You hit the shadow but do no damage.
The shadow is moderately damaged.
You hit the shadow. You burn the shadow.
The shadow is moderately damaged.
The shadow closely misses you.
You slash the shadow! You burn the shadow.
The shadow is severely damaged.
The shadow hits you!
* * * LOW HITPOINT WARNING * * *
You hit the shadow. You burn the shadow.
The shadow is severely damaged.
You hit the shadow. You burn the shadow.
The shadow is almost destroyed.
The shadow slips into darkness.
The shadow flickers and vanishes!
Deactivating autopickup; reactivate with Ctrl-A.
You barely miss something.
The shadow strikes at you from the darkness!
You die...

...................#
#######............#
#......#.....#
#......#######
#......#...#
#......#>..#
#......#...
#######.#{#
#.......@.#
#.........#
#.........#
#.........#
###########


There were no monsters in sight!

Vanquished Creatures
  Josephine (D:10)
  4 two-headed ogres
  An ugly thing (D:10)
  A hippogriff (D:9)
  2 shadows (D:10)
  3 flying skulls (D:10)
  A spriggan (D:7)
  Eustachio (D:5)
  2 hungry ghosts
  An orc warrior (D:8)
  2 black bears (D:8)
  A phantom (D:9)
  An eye of draining (D:8)
  3 ogres
  A centaur (D:7)
  Blork the orc (D:5)
  4 bullfrogs
  3 scorpions
  2 wights (D:10)
  A crimson imp (D:10)
  3 centaur zombies (D:10)
  A bullfrog zombie (D:8)
  2 quasits (D:8)
  A bullfrog skeleton (D:10)
  3 hounds
  2 centaur skeletons
  4 orc priests
  5 orc wizards
  Jessica (D:2)
  5 worker ants
  2 worker ant zombies
  Robin (D:2)
  4 gnolls (D:5)
  11 adders
  3 shadow imps
  An adder zombie (D:5)
  2 worms
  A leopard gecko (D:1)
  12 orcs
  3 giant cockroaches
  13 goblins
  10 hobgoblins
  4 jackals
  4 quokkas
  3 bats
  2 frilled lizards
  A jackal skeleton (D:5)
  4 kobolds
  A leopard gecko skeleton (D:4)
  A quokka skeleton (D:10)
  3 rats (D:1)
149 creatures vanquished.

Vanquished Creatures (others)
  8 plants (D:10)
8 creatures vanquished.

Grand Total: 157 creatures vanquished

Notes
Turn   | Place    | Note
-------+----------+-------------------------------------------
     0 | D:1      | dstrtnsr the Hill Orc Berserker began the quest for the Orb.
     0 | D:1      | Reached XP level 1. HP: 19/19 MP: 1/1
   224 | D:1      | HP: 8/20 [rat (2)]
   225 | D:1      | Reached XP level 2. HP: 11/27 MP: 2/2
   932 | D:2      | Reached skill level 5 in Axes
  1085 | D:2      | Reached XP level 3. HP: 33/33 MP: 3/3
  1230 | D:2      | Noticed Jessica
  1237 | D:2      | HP: 13/33 [goblin/club[Robin] (1)]
  1241 | D:2      | Killed Jessica
  1241 | D:2      | Reached skill level 1 in Shields
  1241 | D:2      | Reached XP level 4. HP: 12/41 MP: 4/4
  1270 | D:2      | Noticed Robin
  1329 | D:2      | Killed Robin
  1329 | D:2      | Reached ** piety under Trog
  1891 | D:3      | Reached skill level 6 in Axes
  1892 | D:3      | Noticed a bullfrog
  1900 | D:3      | HP: 16/41 [bullfrog (3)]
  1903 | D:3      | Killed a bullfrog
  1903 | D:3      | Reached XP level 5. HP: 31/47 MP: 5/5
  2422 | D:4      | Reached skill level 5 in Fighting
  2483 | D:4      | Reached XP level 6. HP: 56/56 MP: 6/6
  2527 | D:4      | Reached skill level 7 in Axes
  2848 | D:5      | Entered Level 5 of the Dungeon
  3002 | D:5      | HP: 22/56 [poisoned by a worker ant]
  3386 | D:5      | Found a shimmering altar of Xom.
  3408 | D:5      | Reached XP level 7. HP: 33/61 MP: 7/7
  3597 | D:5      | Found a shimmering altar of Xom.
  3597 | D:5      | Found a shimmering altar of Xom.
  3599 | D:5      | Found a shimmering altar of Xom.
  3599 | D:5      | Found a shimmering altar of Xom.
  3599 | D:5      | Found a shimmering altar of Xom.
  3601 | D:5      | Found a shimmering altar of Xom.
  3741 | D:5      | Noticed Blork the orc
  3748 | D:5      | Killed Blork the orc
  3748 | D:5      | Reached skill level 8 in Axes
  3890 | D:5      | Noticed Eustachio
  3902 | D:5      | Killed Eustachio
  3902 | D:5      | Reached skill level 9 in Axes
  3970 | D:5      | Found a shadowy altar of Dithmenos.
  4159 | D:6      | Reached XP level 8. HP: 51/71 MP: 8/8
  4378 | D:6      | Reached skill level 10 in Axes
  4486 | D:7      | Found a stormy altar of Qazlal.
  4504 | D:7      | Noticed a spriggan baker
  4515 | D:7      | Killed a spriggan baker
  4683 | D:7      | Found a staircase to the Ecumenical Temple.
  5088 | D:7      | Reached skill level 11 in Axes
  5115 | D:8      | Found a bloodstained altar of Trog.
  5121 | D:8      | Reached XP level 9. HP: 81/81 MP: 2/9
  5127 | D:8      | Reached skill level 12 in Axes
  5131 | D:8      | Reached *** piety under Trog
  5146 | D:8      | Noticed a two-headed ogre
  5148 | D:8      | HP: 32/82 [orc warrior/trident (9)]
  5718 | D:8      | Noticed a two-headed ogre
  5730 | D:8      | Killed a two-headed ogre
  5730 | D:8      | Reached skill level 13 in Axes
  6033 | D:8      | HP: 31/84 [two-headed ogre/dire flail (19)]
  6035 | D:8      | Killed a two-headed ogre
  6035 | D:8      | Reached skill level 10 in Fighting
  6035 | D:8      | Reached skill level 14 in Axes
  6035 | D:8      | Reached XP level 10. HP: 30/93 MP: 10/10
  7193 | D:9      | Noticed a two-headed ogre
  7202 | D:9      | Killed a two-headed ogre
  7202 | D:9      | Reached skill level 5 in Shields
  7448 | D:10     | Entered Level 10 of the Dungeon
  7455 | D:10     | Found a staircase to the Orcish Mines.
  7492 | D:10     | Noticed Josephine
  7500 | D:10     | Reached skill level 15 in Axes
  7507 | D:10     | Killed Josephine
  7507 | D:10     | Reached **** piety under Trog
  7842 | D:10     | Reached XP level 11. HP: 102/102 MP: 11/11
  7877 | D:10     | Noticed a two-headed ogre
  7901 | D:10     | Killed a two-headed ogre
  7901 | D:10     | Reached skill level 16 in Axes
  8009 | D:10     | Noticed a green ugly thing
  8024 | D:10     | Killed a green ugly thing
  8036 | D:10     | HP: 40/102 [poisoned by a green ugly thing]
  8041 | D:10     | HP: 33/102 [poisoned by a green ugly thing]
  8046 | D:10     | HP: 30/102 [poisoned by a green ugly thing]
  8052 | D:10     | HP: 29/102 [poisoned by a green ugly thing]
  8059 | D:10     | HP: 29/102 [poisoned by a green ugly thing]
  8067 | D:10     | HP: 29/102 [poisoned by a green ugly thing]
  8180 | D:10     | HP: 26/102 [something (29)]
  8186 | D:10     | Mangled by a shadow

Vault maps used:
D:1:      mrwooster_arrival_statue_3, minmay_bisected
D:2:      first_ration, minmay_stone_trees_small, minivault_4,
          minmay_misc_feat_four_crosses, kennysheep_generic_room_13,
          uniq_jessica, uniq_robin
D:4:      grunt_ministairs_6
D:5:      kennysheep_mini, nicolae_xom_altar_mimics, uniq_blork_the_orc,
          uniq_eustachio
D:6:      feat_on_display, uniq_edmund
D:7:      minmay_temple_entry_butterflies, enter_bailey_7, the_bakery,
          grunt_qazlal_clouds
D:8:      trog_ov_bears_minmay, kennysheep_generic_room_12
D:9:      gammafunk_temple_overflow_statue
D:10:     hangedman_screamer, david_lair_shrubbed

Skill      XL: |  1  2  3  4  5  6  7  8  9 10 11 |
---------------+----------------------------------+-----
Fighting       | 4 5 6 8 10 11 | 11.3
Axes           | 5 6 7 9 11 14 15 16 | 16.1
Shields        | 1 2 3 4 6 |  6.7
Armour         | |  2.1
Dodging        | |  1.5

Action                   |  1- 3 |  4- 6 |  7- 9 | 10-12 || total
-------------------------+-------+-------+-------+-------++-------
Melee: Hand axe          |    77 |   112 |   177 |   160 ||   526
       War axe           |       |    23 |    40 |       ||    63
Invok: Berserk           |     3 |     5 |     7 |     7 ||    22
  Use: Potion            |       |     1 |       |       ||     1
       Scroll            |       |     4 |     6 |     2 ||    12
 Stab: Sleeping          |       |     1 |       |       ||     1
  Eat: Chunk             |     3 |    10 |    12 |     2 ||    27
       Ration            |       |     1 |     1 |     4 ||     6
Armor: Animal skin       |    11 |    13 |       |       ||    24
       Ring mail         |       |    19 |    41 |    13 ||    73
Dodge: Dodged            |    47 |    65 |    78 |    36 ||   226
Block: Buckler           |     4 |    26 |    34 |       ||    64
       Shield            |       |       |       |    48 ||    48

Table legend:
 A = Spawn XP
 B = Non-spawn XP
 C = Spawn XP percentage of total XP
 D = Spawn monster count
 E = Non-spawn monster count
 F = Spawn count percentage of total count
 G = Total turns spent on level
                    A         B        C        D         E        F      G
               +---------+---------+-------+---------+---------+-------+---------
         Total |       0 |   11123 |   0.0 |       0 |     149 |   0.0 |  8186
               +---------+---------+-------+---------+---------+-------+---------
           D:1 |       0 |      22 |   0.0 |       0 |      14 |   0.0 |   727
           D:2 |       0 |     104 |   0.0 |       0 |      23 |   0.0 |   995
           D:3 |       0 |     112 |   0.0 |       0 |       7 |   0.0 |   296
           D:4 |       0 |     123 |   0.0 |       0 |       8 |   0.0 |   830
           D:5 |       0 |     798 |   0.0 |       0 |      25 |   0.0 |  1233
           D:6 |       0 |     373 |   0.0 |       0 |       5 |   0.0 |   312
           D:7 |       0 |     660 |   0.0 |       0 |      10 |   0.0 |   773
           D:8 |       0 |    3075 |   0.0 |       0 |      26 |   0.0 |  1978
           D:9 |       0 |    1508 |   0.0 |       0 |      10 |   0.0 |   304
          D:10 |       0 |    4348 |   0.0 |       0 |      21 |   0.0 |   738
               +---------+---------+-------+---------+---------+-------+---------
